 Dungeon Crawl Stone Soup version 0.29.0 (webtiles) character file.

Game seed: 1817834784043341288

64 brwnlv the Chopper (level 3, -1/49 HPs)
             Began as a Minotaur Berserker on Sept 8, 2022.
             Was a Believer of Trog.
             Killed by nerve-wracking pain
             ... invoked by an orc priest
              (6 damage)
             ... on level 3 of the Dungeon.
             The game lasted 00:03:23 (1678 turns).

brwnlv the Chopper (Minotaur Berserker)             Turns: 1678, Time: 00:03:24

Health: -1/49      AC:  9    Str: 21    XL:     3   Next: 91%
Magic:  11/11      EV:  8    Int:  4    God:    Trog [**....]
Gold:   124        SH:  8    Dex: 11    Spells: 2/2 levels left

rFire   . . .      SeeInvis .   a - +0 hand axe
rCold   . . .      Faith    .   r - +0 buckler
rNeg    . . .      Spirit   .   m - +0 chain mail
rPois   .          Reflect  +   (helmet restricted)
rElec   .          Harm     .   (no cloak)
rCorr   .          Rampage  .   (no gloves)
Will    .....                   (no boots)
Stlth   ..........              s - amulet of reflection
HPRegen 0.16/turn               n - ring of magical power
MPRegen 0.12/turn               (no ring)

@: berserking, very quick
A: horns 2, retaliatory headbutt
a: Renounce Religion, Berserk, Trog's Hand


You were on level 3 of the Dungeon.
You worshipped Trog.
Trog was pleased with you.
You visited 1 branch of the dungeon, and saw 3 of its levels.

You collected 124 gold pieces.

Inventory:

Hand Weapons
 a - a +0 hand axe (weapon)
Armour
 m - a +0 chain mail (worn)
 r - a +0 buckler (worn)
Jewellery
 g - a ring of ice
 n - a ring of magical power (left hand)
 s - an amulet of reflection (around neck)
Wands
 q - a wand of mindburst (19)
Scrolls
 c - 2 scrolls of identify {unknown}
 h - a scroll of amnesia {unknown}
 i - a scroll of enchant weapon {unknown}
 l - a scroll of fear {unknown}
 o - 2 scrolls of teleportation {unknown}
 p - a scroll of fog {unknown}
Potions
 b - a potion of might {unknown}
 d - a potion of curing {unknown}
 e - a potion of ambrosia {unknown}
 f - 2 potions of attraction {unknown}
 j - a potion of flight {unknown}
 k - 2 potions of degeneration {unknown}
 t - a potion of mutation {unknown}
 u - a potion of magic {unknown}


   Skills:
 + Level 4.2 Fighting
 * Level 4.8 Axes
 + Level 2.8 Armour
 + Level 2.4 Dodging
 * Level 0.9 Shields
 * Level 0.2 Evocations


You had 2 spell levels left.
You didn't know any spells.
Your spell library was empty.

Dungeon Overview and Level Annotations

Branches:
Dungeon (3/15)

Altars:


Innate Abilities, Weirdness & Mutations

You have a pair of horns on your head.
You reflexively headbutt those who attack you in melee.


Message History

You block the orc's attack.
You barely miss the orc. You headbutt the orc.
You kill the orc!
Trog accepts your kill. You block the ball python's attack.
The ball python barely misses you.
You hit the ball python.
You kill the ball python!
Trog accepts your kill.
You hit the orc but do no damage. You headbutt the orc!
You kill the orc!
Trog accepts your kill.
You hit the orc priest but do no damage.
The orc priest hits you with a +0 flail.
You hit the orc priest. Your headbutt misses the orc priest.
The orc priest is moderately wounded.
The orc priest hits you but does no damage.
The orc priest barely misses you.
You hit the orc priest.
The orc priest is severely wounded.
The orc priest hits you with a +0 flail.
* * * LOW HITPOINT WARNING * * *
You completely miss the orc priest.
The orc priest is severely wounded.
The orc priest hits you but does no damage.
You hit the orc priest but do no damage.
You headbutt the orc priest.
The orc priest is almost dead.
The orc priest looks satisfied for a moment.
You barely miss the orc priest.
The orc priest is almost dead.
The orc priest hits you with a +0 flail.
* * * LOW HITPOINT WARNING * * *
You hit the orc priest but do no damage.
The orc priest is almost dead.
The orc priest looks satisfied for a moment.
A red film seems to cover your vision as you go berserk!
You feel yourself moving faster!
You feel mighty!
The orc priest calls down the wrath of Beogh upon you.
Pain shoots through your body!
You die...

#####...##.#.#
.............#
.
..#####..##.###
#..........##.#
##.######.###.#
.... #.# #.#
.$... #.# #.#
......###.# #..
.....{o@..# ##
......#####
..... .... ###


You could see an orc priest.

Vanquished Creatures
  An adder (D:2)
  3 orcs (D:3)
  3 endoplasms
  3 giant cockroaches
  6 goblins
  6 hobgoblins
  3 jackals (D:3)
  5 kobolds
  3 quokkas
  3 ball pythons
  4 bats
  A frilled lizard (D:1)
  3 rats
44 creatures vanquished.

Notes
Turn   | Place    | Note
-------+----------+-------------------------------------------
     0 | D:1      | brwnlv the Minotaur Berserker began the quest for the Orb.
     0 | D:1      | Reached XP level 1. HP: 19/19 MP: 0/0
   258 | D:1      | Reached XP level 2. HP: 27/27 MP: 1/1
   699 | D:2      | Reached XP level 3. HP: 22/33 MP: 2/2
  1107 | D:2      | Reached ** piety under Trog
  1333 | D:3      | Found a faded altar of an unknown god.
  1678 | D:3      | Killed from afar by an orc priest

Illustrated notes

Levels and vault maps discovered:
D:1:      lightli_arrival_lavapool, layout_basic, st_stairs_7
D:2:      layout_rooms
D:3:      layout_loops_ring, basic_ecumenical_altar

Skill      XL: |  1  2 |
---------------+-------+-----
Axes           | 4 |  4.8
Fighting       | 4 |  4.2
Armour         | |  2.8
Dodging        | |  2.4
Shields        | |  0.9
Evocations     | |  0.2

Action                   || total
-------------------------++-------
Melee: Hand axe          ||   101
       Headbutt          ||    14
Invok: Berserk           ||     1
Armor: Scale mail        ||     9
       Chain mail        ||    24
Dodge: Dodged            ||    35
Block: Buckler           ||    16
